 Dungeon Crawl Stone Soup version 0.20.1-1-g8b1a95d (webtiles) character file.

51610 VajrapaniSR the Severer (level 14, -3/136 HPs)
             Began as a Minotaur Berserker on July 3, 2017.
             Was a High Priest of Trog.
             Killed from afar by a thorn hunter (32 damage)
             ... with a volley of thorns
             ... on level 4 of the Swamp.
             The game lasted 00:51:32 (6579 turns).

VajrapaniSR the Severer (Minotaur Berserker)        Turns: 6579, Time: 00:51:32

Health: -3/136     AC: 14    Str: 24    XL:     14   Next: 24%
Magic:  0/22       EV: 15    Int:  4    God:    Trog [*****.]
Gold:   675        SH:  0    Dex: 13    Spells: 13/13 levels left

rFire    . . .     SeeInvis .   a - +9 executioner's axe (elec)
rCold    + . .     Gourm    .   (shield currently unavailable)
rNeg     . . .     Faith    .   y - +0 swamp dragon scales
rPois    +         Spirit   +   (helmet restricted)
rElec    .         Reflect  .   z - +2 cloak
rCorr    .         Harm     .   i - +0 pair of gloves
MR       +....                  (no boots)
Stlth    +.........             v - amulet of guardian spirit
Regen    0.4/turn               c - ring of protection from cold
MPRegen  0.2/turn               d - ring of magical power

@: berserk cooldown, slowed, very slow
A: retaliatory headbutt, horns 2
a: Berserk, Trog's Hand, Brothers in Arms, Burn Spellbooks, Renounce Religion


You were on level 4 of the Swamp.
You worshipped Trog.
Trog was extremely pleased with you.
You were very hungry.

You visited 3 branches of the dungeon, and saw 23 of its levels.
You also visited: Sewer and Ossuary.

You collected 675 gold pieces.

Inventory:

Hand Weapons
 a - a +9 executioner's axe of electrocution (weapon)
 b - a +0 flail
 F - a +0 broad axe
 O - a +0 battleaxe
Missiles
 B - 8 curare-tipped needles
 Y - 4 steel javelins
Armour
 i - a +0 pair of gloves (worn)
 y - +0 swamp dragon scales (worn)
 z - a +2 cloak (worn)
 K - a scarf of spirit shield
 R - a +0 plate armour
Jewellery
 c - a ring of protection from cold (left hand)
 d - a ring of magical power (right hand)
 o - an uncursed ring of see invisible
 v - an amulet of guardian spirit (around neck)
 N - an uncursed amulet of magic regeneration {unknown}
 W - an uncursed ring of ice
Wands
 n - a wand of random effects (38/48)
 p - a wand of disintegration (5/24)
 t - a wand of acid (15/15)
 x - a wand of paralysis (14/24)
 J - a wand of polymorph (8/24)
 Q - a wand of disintegration (13/24)
Scrolls
 j - 5 scrolls of teleportation
 k - 4 scrolls of blinking
 m - 3 scrolls of immolation
 u - 5 scrolls of enchant weapon
 C - 2 scrolls of remove curse
 E - a scroll of holy word
 G - 2 scrolls of fog
 T - a scroll of vulnerability
Potions
 e - 7 potions of lignification
 f - a potion of mutation
 h - 3 potions of curing
 q - a potion of haste
 r - 3 potions of magic
 A - 4 potions of brilliance
 D - 2 potions of might
 H - a potion of flight
 I - 3 potions of heal wounds
 U - a potion of agility {unknown}
Books
 s - a book of Cantrips (quivered)

   Spells                             Type                      Level
   a - Confusing Touch                Hexes                        1
   b - Animate Skeleton               Necromancy                   1
   c - Summon Small Mammal            Summoning                    1
   d - Apportation                    Translocation                1
   Trog disapproves of the use of such an item.
 M - a book of Callings

   Spells                             Type                      Level
   a - Summon Small Mammal            Summoning                    1
   b - Call Imp                       Summoning                    2
   c - Call Canine Familiar           Summoning                    3
   d - Summon Guardian Golem          Hexes/Summoning              3
   e - Summon Lightning Spire         Summoning/Air                4
   f - Summon Ice Beast               Ice/Summoning                4
   Trog disapproves of the use of such an item.
 P - a book of Debilitation

   Spells                             Type                      Level
   a - Corona                         Hexes                        1
   b - Slow                           Hexes                        2
   c - Inner Flame                    Hexes/Fire                   3
   d - Portal Projectile              Hexes/Translocation          3
   e - Cause Fear                     Hexes                        4
   f - Leda's Liquefaction            Hexes/Earth                  4
   Trog disapproves of the use of such an item.
Comestibles
 g - 13 fruits
 l - 2 meat rations
 w - a chunk of flesh
 L - 7 bread rations


   Skills:
 + Level 15.8 Fighting
 + Level 20.4 Axes
 - Level 9.4 Armour
 + Level 7.9 Dodging


You had 13 spell levels left.
You didn't know any spells.

Dungeon Overview and Level Annotations

Branches:
Dungeon (13/15)            Temple (0/1) D:6            Lair (6/6) D:10
  Swamp (4/4) Lair:4       Spider (0/4) Lair:3        Slime (0/5) Lair:6
    Orc: D:9-12      Vaults: D:13-14

Altars:
Elyvilon
Kikubaaqudgha
Okawaru
Ru
Uskayaw
Yredelemnul
Jiyva


Innate Abilities, Weirdness & Mutations

You reflexively headbutt those who attack you in melee.
You have a pair of horns on your head.


Message History

* * * LOW HITPOINT WARNING * * *
You now have 50/136 hp.
You slash the thorn hunter!
Lightning courses through the thorn hunter!
You headbutt the thorn hunter, but do no damage.
The thorn hunter hits you!!
* * * LOW HITPOINT WARNING * * *
The thorn hunter hits you.
* * * LOW HITPOINT WARNING * * *
The thorn hunter closely misses you. The thorn hunter hits you.
* * * LOW HITPOINT WARNING * * *
You take 22 damage, and have 28/136 hp.
You now have 6/22 mp.
Unknown command.
Okay, then.
Your unstable footing causes you to fumble your attack.
The thorn hunter barely misses you.
The thorn hunter hits you but does no damage.
The thorn hunter fires a volley of thorns at you.
The volley of thorns hits you!
You die...

≈≈≈≈≈*****,,,**#♣§...$.♣≈..♣**≈,≈
≈≈≈,≈***,,,,,,,*#♣≈...≈♣♣.♣♣,≈≈≈≈
,≈≈≈***,,,,,,,,,*#.≈....♣♣♣,≈≈≈≈≈
,,,≈***,,,,,,,,,*#♣≈...≈.♣♣,≈≈≈≈≈
,,,≈,**,,,,,,,,,*#♣.......♣≈,,≈≈≈
≈≈*≈,***,,,,,,,**#≈...≈♣.[.≈≈,≈≈≈
,***≈≈**,,,,,,,#♣♣†♣♣...♣.≈≈,,≈≈≈
***,≈,,**,,,,,*#≈§T♣*♣.♣♣♣≈.*,≈≈≈
**,*≈,≈***,,,**♣@♣♣♣ *♣♣ **♣**,≈≈
,,,≈,≈,,≈**,*#Df≈♣ *,,≈
,≈,≈≈,≈,,,,≈.kD♣♣♣ *,≈≈
≈≈,,,≈,,≈≈♣≈♣D♣* ***≈
,,,,,≈≈≈,♣..≈§** ******
≈≈≈≈,,≈≈,≈...,≈* **,≈,,*
≈≈,≈,,,≈≈≈≈.≈≈≈* *≈≈≈≈,*
,≈,,≈,,*,≈..,,** **,≈≈,≈
,≈**,,*≈,≈*,≈≈,** **,,,,*


You could see a thorn hunter, a six-headed hydra, 2 swamp dragons, a swamp drake
and a friendly troll (berserk).

Vanquished Creatures
  Frances (Swamp:1)
  2 thorn hunters
  Snorg (Lair:3)
  7 hydras
  A ghost crab (Swamp:4)
  2 two-headed ogres
  A catoblepas (Lair:6)
  Erica (D:8)
  6 alligators
  2 swamp dragons
  A shambling mangrove (Swamp:3)
  An unseen horror (D:10)
  An ugly thing (Swamp:4)
  11 elephants
  5 black mambas
  10 spiny frogs
  2 komodo dragons
  2 hornets
  2 bog bodies
  4 tyrant leeches
  6 hippogriffs
  3 slime creatures (Swamp:4)
  A shadow (D:11)
  3 wyverns
  17 yaks
  2 hungry ghosts
  Grum (D:11)
  32 vampire mosquitoes
  4 basilisks
  4 insubstantial wisps (Swamp:4)
  3 wargs (D:10)
  5 swamp worms
  A soldier ant (D:10)
  9 water moccasins
  6 swamp drakes
  7 porcupines
  2 orc warriors
  2 ice beasts
  3 sky beasts
  2 phantoms
  3 ogres
  An eye of draining (D:9)
  19 wolves
  A centaur (D:4)
  7 crocodiles
  9 bullfrogs
  4 scorpions
  A howler monkey (D:7)
  An electric eel (Lair:2)
  3 crimson imps
  2 quasits
  7 orc priests
  2 jellies
  A centaur zombie (D:5)
  3 hounds
  7 orc wizards
  4 bullfrog skeletons
  2 centaur skeletons
  3 iguanas
  7 worker ants
  A killer bee zombie (D:5)
  A big kobold zombie (Ossuary)
  A hound zombie (D:9)
  A hound skeleton (D:4)
  6 mummies (Ossuary)
  2 worker ant zombies
  A howler monkey zombie (D:8)
  9 adders
  A river rat (D:3)
  A shadow imp (D:6)
  8 oozes
  4 worms
  A dart slug (D:1)
  14 leopard geckos
  23 orcs
  9 ball pythons
  3 bats
  13 giant cockroaches
  4 goblins (D:1)
  2 hobgoblins
  3 jackals (D:1)
  6 frilled lizards
  A gnoll zombie (Ossuary)
  A jackal skeleton (D:7)
  A kobold (D:1)
  4 kobold zombies (Ossuary)
  An orc zombie (Ossuary)
  A quokka skeleton (D:7)
  4 rats
  4 fungi
394 creatures vanquished.

Vanquished Creatures (collateral kills)
  A hydra (Swamp:4)
  An alligator (Swamp:4)
  A swamp dragon (Swamp:4)
  5 ugly things (Swamp:4)
  The ghost of Quirk the Poker, a novice DsCK of Xom (Ossuary)
  A bog body (Swamp:4)
  2 mummies (Ossuary)
  A kobold zombie (Ossuary)
13 creatures vanquished.

Vanquished Creatures (others)
  A shambling mangrove (Swamp:4)
  A spiny frog (Swamp:4)
  3 plants (Lair:6)
5 creatures vanquished.

Grand Total: 412 creatures vanquished

Notes
Turn   | Place    | Note
-------+----------+-------------------------------------------
     0 | D:1      | VajrapaniSR the Minotaur Berserker began the quest for the Orb.
     0 | D:1      | Reached XP level 1. HP: 19/19 MP: 0/0
   191 | D:2      | Reached skill level 4 in Axes
   191 | D:2      | Reached XP level 2. HP: 26/27 MP: 1/1
   269 | D:3      | Found a basalt altar of Yredelemnul.
   287 | D:3      | Found a sacrificial altar of Ru.
   333 | D:3      | Reached XP level 3. HP: 27/33 MP: 2/2
   473 | D:3      | Reached ** piety under Trog
   478 | D:3      | Reached skill level 5 in Axes
   512 | D:3      | Found a glowing drain.
   516 | Sewer    | Entered a sewer
   537 | Sewer    | Reached XP level 4. HP: 30/41 MP: 3/3
   695 | Sewer    | Reached *** piety under Trog
   723 | Sewer    | Reached skill level 6 in Axes
   723 | Sewer    | Reached XP level 5. HP: 32/47 MP: 4/4
   756 | Sewer    | Reached skill level 5 in Fighting
   850 | D:4      | Noticed a sky beast
   864 | D:4      | Killed a sky beast
   864 | D:4      | Reached skill level 7 in Axes
   864 | D:4      | Reached XP level 6. HP: 47/56 MP: 5/5
   904 | D:4      | Found an iron altar of Okawaru.
  1017 | D:4      | Reached skill level 8 in Axes
  1090 | D:4      | Reached XP level 7. HP: 54/63 MP: 6/6
  1255 | D:5      | Entered Level 5 of the Dungeon
  1325 | D:5      | Reached skill level 9 in Axes
  1391 | D:6      | Found a staircase to the Ecumenical Temple.
  1613 | D:7      | Reached XP level 8. HP: 73/73 MP: 7/7
  1654 | D:7      | Reached skill level 10 in Axes
  1677 | D:7      | Reached **** piety under Trog
  1689 | D:7      | Found a hide-covered altar of Uskayaw.
  1816 | D:8      | Noticed Erica
  1816 | D:8      | Noticed a two-headed ogre
  1822 | D:8      | Killed a two-headed ogre
  1822 | D:8      | Reached skill level 11 in Axes
  1822 | D:8      | Reached XP level 9. HP: 83/83 MP: 8/8
  1829 | D:8      | Killed Erica
  1829 | D:8      | Reached skill level 12 in Axes
  2034 | D:8      | Reached skill level 13 in Axes
  2213 | D:8      | Found a sand-covered staircase.
  2222 | Ossuary  | Entered an ossuary
  2228 | Ossuary  | Noticed Quirk's ghost (novice DsCK)
  2238 | Ossuary  | Killed Quirk's ghost
  2238 | Ossuary  | Reached skill level 10 in Fighting
  2508 | D:9      | Noticed a two-headed ogre
  2526 | D:9      | Killed a two-headed ogre
  2526 | D:9      | Reached skill level 14 in Axes
  2526 | D:9      | Reached XP level 10. HP: 14/94 MP: 2/9
  2922 | D:10     | Entered Level 10 of the Dungeon
  2927 | D:10     | Reached ***** piety under Trog
  2927 | D:10     | Received a gift from Trog
  2927 | D:10     | Reached skill level 15 in Axes
  3033 | D:10     | Found a staircase to the Lair.
  3112 | D:10     | Noticed an unseen horror
  3120 | D:10     | Killed an unseen horror
  3199 | D:11     | Noticed Grum
  3205 | D:11     | Reached skill level 16 in Axes
  3208 | D:11     | Reached XP level 11. HP: 63/104 MP: 10/10
  3214 | D:11     | Killed Grum
  3399 | D:11     | Found an ancient bone altar of Kikubaaqudgha.
  3639 | Lair:1   | Entered Level 1 of the Lair of Beasts
  3777 | Lair:2   | Found a white marble altar of Elyvilon.
  3914 | Lair:3   | Found a hole to the Spider Nest.
  3943 | Lair:3   | Noticed Snorg
  3953 | Lair:3   | Killed Snorg
  3953 | Lair:3   | Reached skill level 5 in Armour
  4055 | Lair:3   | Reached skill level 17 in Axes
  4274 | Lair:3   | Received a gift from Trog
  4350 | Lair:4   | Reached XP level 12. HP: 71/113 MP: 11/11
  4376 | Lair:4   | Noticed a four-headed hydra
  4387 | Lair:4   | Killed a four-headed hydra
  4439 | Lair:4   | Found a staircase to the Swamp.
  4468 | Lair:4   | Reached skill level 18 in Axes
  4603 | Lair:5   | Noticed a seven-headed hydra
  4612 | Lair:5   | Killed a seven-headed hydra
  4788 | Lair:6   | Entered Level 6 of the Lair of Beasts
  4795 | Lair:6   | Found a staircase to the Slime Pits.
  4796 | Lair:6   | Found a viscous altar of Jiyva.
  4888 | Lair:6   | Noticed an eight-headed hydra
  4897 | Lair:6   | Killed an eight-headed hydra
  5103 | Lair:6   | Reached skill level 19 in Axes
  5113 | Lair:6   | Reached XP level 13. HP: 123/124 MP: 12/12
  5328 | Swamp:1  | Entered Level 1 of the Swamp
  5364 | Swamp:1  | Noticed Frances
  5382 | Swamp:1  | Killed Frances
  5653 | Swamp:1  | Found a sacrificial altar of Ru.
  5826 | Swamp:3  | Noticed a thorn hunter
  5836 | Swamp:3  | Killed a thorn hunter
  5923 | Swamp:3  | Reached skill level 5 in Dodging
  5939 | Swamp:3  | Received a gift from Trog
  6005 | Swamp:3  | Reached skill level 15 in Fighting
  6027 | Swamp:4  | Entered Level 4 of the Swamp
  6165 | Swamp:4  | Reached skill level 20 in Axes
  6282 | Swamp:4  | Reached XP level 14. HP: 55/135 MP: 13/13
  6317 | Swamp:4  | Noticed a thorn hunter
  6326 | Swamp:4  | Killed a thorn hunter
  6566 | Swamp:4  | Noticed a thorn hunter
  6579 | Swamp:4  | Killed from afar by a thorn hunter

Skill      XL: |  1  2  3  4  5  6  7  8  9 10 11 12 13 |
---------------+----------------------------------------+-----
Axes           | 4 5 6 7 8 9 11 14 16 17 19 20 | 20.4
Fighting       | 4 5 6 7 9 10 11 12 14 15 | 15.8
Armour         | 6 9 |  9.4
Dodging        | 7 |  7.9

Action                   |  1- 3 |  4- 6 |  7- 9 | 10-12 | 13-15 || total
-------------------------+-------+-------+-------+-------+-------++-------
Melee: Hand axe          |    81 |   111 |   182 |    50 |       ||   424
       Headbutt          |     9 |    17 |    44 |    74 |    38 ||   182
       Battleaxe         |       |       |       |   195 |       ||   195
       Executioner's axe |       |       |       |   122 |   183 ||   305
       Flail             |       |       |       |    17 |    17 ||    34
Invok: Berserk           |     3 |     5 |    10 |    15 |    12 ||    45
       Brothers in Arms  |       |       |     1 |       |     3 ||     4
       Trog's Hand       |       |       |       |    10 |    10 ||    20
       Burn Spellbooks   |       |       |       |       |     2 ||     2
Evoke: Wand              |       |       |    18 |     3 |     3 ||    24
  Use: Scroll            |       |     5 |    10 |    16 |     4 ||    35
       Potion            |       |       |     3 |       |     1 ||     4
 Stab: Distracted        |       |       |       |       |     1 ||     1
       Confused          |       |       |       |       |     1 ||     1
  Eat: Chunk             |     2 |     6 |    12 |    21 |    13 ||    54
       Fruit             |       |     1 |     2 |       |       ||     3
       Meat ration       |       |       |     1 |       |       ||     1
       Royal jelly       |       |       |       |     2 |     2 ||     4
       Bread ration      |       |       |       |       |     1 ||     1
Armor: Scale mail        |    38 |    53 |       |       |       ||    91
       Chain mail        |       |     2 |    68 |    53 |       ||   123
       Skin              |       |       |    28 |     8 |       ||    36
       Plate armour      |       |       |       |   194 |    48 ||   242
       Swamp dragon scal |       |       |       |       |    72 ||    72
Dodge: Dodged            |    46 |    74 |    74 |   177 |   147 ||   518
